 Dungeon Crawl Stone Soup version 0.27-a0-1278-g6cbc8dfb29 (webtiles) character file.

Game seed: 11940546449093732723

215488 HendSelp the Bringer of Law (level 19, 0/174 HPs)
             Began as a Hill Orc Fighter on June 11, 2021.
             Was the Champion of Zin.
             Hit by a javelin thrown by a merfolk javelineer (10 damage)
             ... on level 3 of the Shoals on June 12, 2021.
             The game lasted 01:04:25 (43393 turns).

HendSelp the Bringer of Law (Hill Orc Fighter)     Turns: 43393, Time: 01:04:25

Health: 0/174      AC: 29    Str: 38    XL:     19   Next: 2%
Magic:  35/35      EV:  8    Int: 17    God:    Zin [******]
Gold:   2724       SH: 22    Dex: 20    Spells: 18/18 levels left

rFire    + + .     SeeInvis +   c - +0 broad axe "Fott" {vorpal, rPois Dex+2}
rCold    + . .     Faith    .   D - +1 kite shield {reflect}
rNeg     . . .     Spirit   .   p - +3 plate armour {rC+}
rPois    +         Reflect  +   i - +1 helmet
rElec    +         Harm     .   S - +2 cloak {rPois}
rCorr    .         Rampage  .   R - +1 pair of gloves of Lifelessness {Str+4}
Will     +....                  z - +2 pair of boots of Tomorrow {Dex+2}
Stlth    ..........             f - amulet "Ehutynn" {Reflect Fly rF+ Str+4 Int+6 SH+5}
HPRegen  0.39/turn              B - ring of Giapsokh {Fly Dex+6 SInv Stlth+}
MPRegen  0.24/turn              r - ring "Vicodibe" {+Blink rElec rF+ Str+3 Int+3}

@: lit by a corona, flying, hasted, glowing, very quick
A: no striking features
}: 1/15 runes: gossamer
a: Renounce Religion, Evoke Blink, Recite, Vitalisation, Imprison, Sanctuary,
Donate Gold


You were on level 3 of the Shoals.
You worshipped Zin.
Zin was exalted by your worship.
You visited 7 branches of the dungeon, and saw 32 of its levels.
You also visited: Gauntlet.

You collected 6100 gold pieces.
You spent 3141 gold pieces at shops.
You donated 235 gold pieces to Zin.

Inventory:

Hand Weapons
 a - a +6 war axe of flaming
 c - the +0 broad axe "Fott" (weapon) {vorpal, rPois Dex+2}
   (You acquired it on level 3 of the Spider Nest)

   It inflicts extra damage upon your enemies.
   It affects your dexterity (+2).
   It protects you from poison.
Missiles
 d - 18 atropa-tipped darts (quivered)
 C - 9 curare-tipped darts
 P - a throwing net
Armour
 i - a +1 helmet (worn)
 p - a +3 plate armour of cold resistance (worn)
 u - a scarf of repulsion
 z - the +2 pair of boots of Tomorrow (worn) {Dex+2}
   (You found it on level 8 of the Dungeon)

   It affects your dexterity (+2).
 D - a +1 kite shield of reflection (worn)
 J - the +2 cloak of the Turtledove {Int+7}
   (You found it on level 3 of the Spider Nest)

   It affects your intelligence (+7).
 R - the +1 pair of gloves of Lifelessness (worn) {Str+4}
   (You bought it in a shop on level 1 of the Orcish Mines)

   It affects your strength (+4).
 S - a +2 cloak of poison resistance (worn)
Jewellery
 b - a ring of protection from fire
 f - the amulet "Ehutynn" (around neck) {Reflect Fly rF+ Str+4 Int+6 SH+5}
   (You bought it in a shop on level 2 of the Dungeon)

   [amulet of reflection]

   It reflects blocked missile attacks.
   It affects your strength (+4).
   It affects your intelligence (+6).
   It protects you from fire.
   It grants you flight.
   It affects your SH (+5).
 j - a +4 ring of slaying
 m - a +4 ring of evasion
 r - the ring "Vicodibe" (right hand) {+Blink rElec rF+ Str+3 Int+3}
   (You bought it in a shop on level 2 of the Dungeon)

   [ring of protection from fire]

   It affects your strength (+3).
   It affects your intelligence (+3).
   It protects you from fire.
   It insulates you from electricity.
   It lets you blink.
 w - a +6 ring of intelligence
 B - the ring of Giapsokh (left hand) {Fly Dex+6 SInv Stlth+}
   (You found it on level 6 of the Lair of Beasts)

   [ring of dexterity]

   It affects your dexterity (+6).
   It lets you see invisible.
   It grants you flight.
   It makes you more stealthy.
 N - an amulet of reflection
 T - an amulet of magic regeneration
Wands
 k - a wand of acid (11)
 n - a wand of paralysis (23)
 s - a wand of digging (9)
 v - a wand of charming (4)
 x - a wand of mindburst (48)
 G - a wand of iceblast (51)
 L - a wand of flame (77)
Scrolls
 h - 5 scrolls of teleportation
 l - 4 scrolls of identify
 o - 2 scrolls of fear
 t - 7 scrolls of amnesia
 y - 3 scrolls of fog
 H - 3 scrolls of magic mapping
 K - 2 scrolls of holy word
 M - a scroll of silence
Potions
 e - 10 potions of curing
 g - 4 potions of brilliance
 q - a potion of haste
 A - 2 potions of magic
 E - 6 potions of ambrosia
 F - 2 potions of flight
 I - 3 potions of mutation
 O - a potion of invisibility
 U - a potion of might


   Skills:
 - Level 16.7 Fighting
 - Level 18.0 Axes
 - Level 10.0 Armour
 - Level 15.0 Shields
 + Level 25.2 Invocations


You had 18 spell levels left.
You didn't know any spells.
Your spell library contained the following spells:

 Spells                   Type           Power      Damage    Failure   Level
 Animate Skeleton         Necr           0%         N/A       75%         1
 Apportation              Tloc           0%         N/A       75%         1
 Corona                   Hex            0%         N/A       75%         1
 Foxfire                  Conj/Fire      0%         2x1d4     75%         1
 Freeze                   Ice            0%         1d3       75%         1
 Summon Small Mammal      Summ           0%         N/A       75%         1
 Corpse Rot               Necr/Air       N/A        N/A       86%         2
 Ensorcelled Hibernation  Hex/Ice        0%         N/A       86%         2
 Sublimation of Blood     Necr           0%         N/A       86%         2
 Confusing Touch          Hex            0%         N/A       98%         3
 Dazzling Flash           Conj/Hex       0%         N/A       98%         3
 Frozen Ramparts          Ice            0%         1d2       98%         3
 Gell's Gravitas          Tloc           0%         N/A       98%         3
 Ozocubu's Armour         Ice            0%         N/A       98%         3
 Portal Projectile        Hex/Tloc       0%         N/A       98%         3
 Tukima's Dance           Hex            0%         N/A       98%         3
 Animate Armour           Summ/Erth      0%         N/A       100%        4
 Cause Fear               Hex            0%         N/A       100%        4
 Dispel Undead            Necr           0%         3d6       100%        4
 Hailstorm                Conj/Ice       0%         3d3       100%        4
 Leda's Liquefaction      Hex/Erth       0%         N/A       100%        4
 Passage of Golubria      Tloc           N/A        N/A       100%        4
 Agony                    Necr           0%         N/A       100%        5
 Bolt of Magma            Conj/Fire/Erth 0%         4d4       100%        5
 Excruciating Wounds      Necr           0%         N/A       100%        5
 Manifold Assault         Tloc           0%         N/A       100%        5
 Metabolic Englaciation   Hex/Ice        0%         N/A       100%        5
 Blade Hands              Tmut           0%         N/A       100%        6
 Dispersal                Tloc           0%         N/A       100%        6
 Iron Shot                Conj/Erth      0%         9d1       100%        6
 Simulacrum               Ice/Necr       0%         N/A       100%        6
 Statue Form              Tmut/Erth      0%         N/A       100%        6
 Dragon Form              Tmut           0%         N/A       100%        7
 Disjunction              Tloc           0%         N/A       100%        8
 Dragon's Call            Summ           0%         N/A       100%        9
 Shatter                  Erth           0%         3d5*      100%        9


Dungeon Overview and Level Annotations

Branches:
Dungeon (15/15)            Temple (1/1) D:5            Lair (6/6) D:8
 Shoals (3/4) Lair:2       Spider (4/4) Lair:3        Slime (1/5) Lair:6
    Orc (2/2) D:9             Elf (0/3) Orc:2        Vaults (0/5) D:13
 Depths (0/5) D:15        Gauntlet (visited)

Altars:
Ashenzari
Cheibriados
Dithmenos
Elyvilon
Fedhas
Gozag
Hepliaklqana
Kikubaaqudgha
Makhleb
Nemelex Xobeh
Okawaru
Qazlal
Ru
Sif Muna
Trog
Uskayaw
Vehumet
Wu Jian
Xom
Yredelemnul
Zin
The Shining One
Beogh
Jiyva

Shops:
D:2 =!=![   D:8 [   D:10 !   D:13 *   Orc:1 (([   Orc:2 [:(   Shoals:1 (

Annotations:
D:8 2 transporters, mordus's ghost, novice TrMo
Orc:2 2 transporters, UncommonGray's ghost, journeyman TrBr


Message History

You are no longer terrified.
The merfolk javelineer throws a javelin.
The javelin pierces through you!
* * * LOW HITPOINT WARNING * * *
Unknown command.
Unknown command.
Unknown command.
Unknown command.
Unknown command.
Unknown command.
Unknown command.
Unknown command.
Unknown command.
Unknown command.
Unknown command.
Unknown command.
Unknown command.
Unknown command.
Unknown command.
Unknown command.
Unknown command.
Unknown command.
Unknown command.
Unknown command.
Unknown command.
Unknown command.
Unknown command.
Unknown command.
Unknown command.
Unknown command.
Unknown command.
Unknown command.
Unknown command.
Blink to where?
Press: ? - help, Dir - move target
As you read the scroll of blinking, it crumbles to dust.
You feel yourself speed up.
The merfolk javelineer throws a javelin.
The javelin pierces through you!
You die...

≈.....c.......≈≈...≈≈≈≈≈≈≈≈≈≈≈≈≈≈
....# #)§m:...≈≈≈≈≈≈≈≈≈.≈≈≈≈≈≈≈≈≈
....###).#.###.≈≈≈≈.≈≈≈.≈.≈≈≈≈)≈≈
.....#......##.≈≈≈≈≈≈≈≈))).≈≈≈..≈
≈....†.........≈≈≈..≈..≈≈≈)≈≈≈≈≈≈
≈≈≈...........≈≈≈≈≈....)≈≈≈≈≈..≈≈
≈≈≈≈..≈≈≈≈≈≈≈≈≈≈≈.....)..≈≈≈≈.≈..
≈≈≈≈≈≈≈≈≈≈≈≈≈≈≈≈...###.####..≈≈≈.
≈≈≈≈≈≈≈≈≈≈≈≈≈≈≈≈@..# ########.≈..
≈≈≈≈≈≈≈≈≈≈≈≈≈≈≈≈≈..######.####...
≈≈≈≈≈≈≈≈≈≈≈≈≈≈≈≈≈....##........)≈
≈≈≈≈≈≈≈≈≈≈≈≈≈≈≈≈≈≈.........##..≈≈
≈≈≈≈≈≈≈≈≈≈≈≈≈≈≈≈≈≈....#....##...≈
≈≈≈≈≈≈≈≈≈≈≈≈≈≈≈≈≈≈≈.............≈
≈≈≈≈≈≈≈≈≈≈≈≈≈≈≈≈≈≈≈≈....(≈...≈≈≈≈
≈≈≈≈≈≈≈≈≈≈≈≈≈≈≈≈≈≈≈≈≈..≈≈≈≈≈≈≈≈≈≈
≈≈≈≈≈≈≈≈≈≈≈≈≈≈≈≈≈≈≈≈≈≈≈≈≈≈≈≈≈≈≈≈≈


You could see a merfolk javelineer.

Vanquished Creatures
  Arachne (Spider:4)
  Rupert (Spider:1)
  Agnes (Spider:2)
  Donald (Spider:2)
  Ilsuiw (Shoals:3)
  Roxanne (Spider:3)
  Louise (Spider:4)
  2 emperor scorpions
  7 ghost moths
  The ghost of Drazool the Impaler, a journeyman MfMo of Uskayaw (Lair:6)
  An orc warlord (Orc:2)
  A very ugly thing (D:15)
  6 entropy weavers
  A minotaur (Gauntlet)
  4 spark wasps
  3 merfolk javelineers
  3 merfolk impalers
  Erolcha (D:12)
  A great orb of eyes (D:15)
  3 vault guards (D:13)
  4 boulder beetles
  4 centaur warriors
  7 hydras
  An alligator snapping turtle (Shoals:3)
  Erica (Orc:1)
  2 two-headed ogres
  A satyr (Shoals:3)
  An orc high priest (Orc:2)
  4 sun demons (Shoals:1)
  Sonja (Lair:4)
  8 sea snakes
  3 skeletal warriors (D:15)
  2 glowing orange brains (Gauntlet)
  5 spectral wolf spiders (Spider:4)
  18 harpies
  3 orc knights (Orc:2)
  26 orb spiders
  A deep elf pyromancer (D:13)
  11 ugly things
  5 wolf spider zombies (Spider:4)
  3 orc sorcerers (Orc:2)
  12 fauns
  48 wolf spiders
  9 manticores
  A cyclops (D:11)
  A moth of wrath (Spider:3)
  25 elephants
  7 merfolk sirens
  5 black mambas
  32 cane toads
  5 torpor snails
  6 water nymphs
  2 gargoyles (D:13)
  15 komodo dragons
  A torpor snail (shapeshifter) (D:15)
  A freezing wraith (D:10)
  A rime drake (Lair:5)
  A tengu conjurer (D:15)
  10 demonic crawlers
  5 trolls
  2 polar bears
  46 jumping spiders
  3 wolf spider simulacra (Spider:4)
  8 hornets
  14 merfolk
  5 tyrant leeches (Lair:6)
  5 wind drakes
  28 blink frogs
  9 slime creatures
  4 dream sheep (Lair:6)
  2 snapping turtles
  Sigmund (D:2)
  27 tarantellas
  A centaur simulacrum (D:14)
  57 redbacks
  A wraith (D:14)
  3 vampires
  A wyvern (Lair:1)
  8 humans (D:13)
  6 basilisks
  53 yaks
  5 water elementals
  Eustachio (D:5)
  Grum (D:8)
  13 vampire mosquitoes
  2 steam dragons
  2 wargs (Orc:2)
  An acid dragon (D:10)
  Duvessa (D:5)
  14 water moccasins
  38 orc warriors
  4 black bears
  2 sky beasts
  6 ogres
  15 wolves
  9 centaurs
  An ice beast (D:4)
  6 necrophages (Lair:2)
  3 kobold brigands
  30 bullfrogs
  A scorpion (D:8)
  A gnoll sergeant (D:5)
  2 water moccasin zombies
  Dowan (D:5)
  7 killer bees (D:10)
  9 wights (D:9)
  8 howler monkeys
  An electric eel (D:9)
  A bullfrog zombie (D:6)
  3 centaur zombies
  3 hounds
  A jelly (D:5)
  24 orc priests
  2 centaur skeletons
  A bullfrog skeleton (D:6)
  Jessica (D:15)
  33 orc wizards
  A scorpion zombie (D:5)
  11 hell rats
  A hound zombie (D:5)
  A howler monkey zombie (D:7)
  5 gnolls (D:5)
  3 howler monkey skeletons
  7 adders
  3 white imps
  An ufetubus (D:5)
  A worm (D:4)
  2 dart slugs (D:1)
  115 orcs
  6 endoplasms
  A giant cockroach (D:4)
  11 goblins
  4 hobgoblins
  6 jackals (D:4)
  12 kobolds
  5 quokkas
  8 ball pythons
  5 bats
  A frilled lizard (D:2)
  3 rats
1089 creatures vanquished.

Vanquished Creatures (others)
  A deep elf pyromancer (D:14)
  A tengu conjurer (D:15)
  A hornet (Spider:4)
  A tarantella (Spider:4)
  A human (D:13)
  2 orc wizards
  A kobold (D:10)
  64 fungi
  124 plants
196 creatures vanquished.

Grand Total: 1285 creatures vanquished

Notes
Turn   | Place    | Note
-------+----------+-------------------------------------------
     0 | D:1      | HendSelp the Hill Orc Fighter began the quest for the Orb.
     0 | D:1      | Reached XP level 1. HP: 19/19 MP: 1/1
   138 | D:1      | Reached XP level 2. HP: 15/26 MP: 2/2
   767 | D:2      | Reached XP level 3. HP: 31/31 MP: 3/3
   823 | D:2      | Found Orabamal's Distillery.
   870 | D:2      | Found Qaitt's Antique Armour Shoppe.
  1041 | D:2      | Found Isedidim's Distillery.
  1077 | D:2      | Found Hoirapung's Jewellery Emporium.
  1084 | D:2      | Noticed Sigmund
  1086 | D:2      | Reached skill level 5 in Axes
  1100 | D:2      | Killed Sigmund
  1101 | D:2      | Reached XP level 4. HP: 18/39 MP: 4/4
  1101 | D:2      | Reached XP level 5. HP: 21/45 MP: 5/5
  1309 | D:2      | Found Vexater's Jewellery Shoppe.
  1640 | D:3      | Reached XP level 6. HP: 51/51 MP: 6/6
  1860 | D:3      | Found a faded altar of an unknown god.
  2156 | D:3      | Found a shadowy altar of Dithmenos.
  2217 | D:3      | Found a white marble altar of Elyvilon.
  2978 | D:4      | Reached XP level 7. HP: 56/57 MP: 7/7
  3027 | D:4      | Reached skill level 10 in Axes
  3167 | D:5      | Entered Level 5 of the Dungeon
  3249 | D:5      | Noticed Eustachio
  3273 | D:5      | Killed Eustachio
  3274 | D:5      | Reached XP level 8. HP: 61/64 MP: 8/8
  3282 | D:5      | Identified a scroll of acquirement
  3282 | D:5      | Acquired 1142 gold pieces
  3375 | D:2      | Bought the amulet "Ehutynn" {Reflect Fly rF+ Str+4 Int+6
                  | SH+5} for 872 gold pieces
  3576 | D:5      | Noticed Dowan
  3576 | D:5      | Noticed Duvessa
  3582 | D:5      | Killed Dowan
  3589 | D:5      | Killed Duvessa
  3909 | D:5      | Found a staircase to the Ecumenical Temple.
  3921 | Temple   | Entered the Ecumenical Temple
  4198 | D:5      | Found a hide-covered altar of Uskayaw.
  4199 | D:5      | Found an iron altar of Okawaru.
  5353 | D:7      | Found a glowing silver altar of Zin.
  5373 | D:7      | Became a worshipper of Zin the Law-Giver
  5373 | D:7      | Reached * piety under Zin
  5373 | D:7      | Reached ** piety under Zin
  5520 | D:7      | Reached XP level 9. HP: 70/70 MP: 9/9
  5534 | D:7      | Found an opulent altar of Gozag.
  6140 | D:8      | Found a transporter.
  6140 | D:8      | Found a transporter.
  6140 | D:8      | Noticed mordus's ghost (novice TrMo)
  6177 | D:8      | Found Kyivvot's Antique Armour Emporium.
  6185 | D:8      | Bought a pair of distressingly furry gloves for 275 gold
                  | pieces
  6185 | D:8      | Identified the +1 pair of gloves of the Gate {Fly Str-5
                  | Int+4 Slay+2} (You bought it in a shop on level 8 of the
                  | Dungeon)
  6309 | D:8      | Reached *** piety under Zin
  6336 | D:8      | Reached skill level 15 in Axes
  6342 | D:8      | Found a staircase to the Lair.
  6348 | D:8      | Noticed a komodo dragon
  6365 | D:8      | Killed a komodo dragon
  6370 | D:8      | HP: 3/70 [poisoned by a water moccasin]
  6372 | D:8      | HP: 1/70 [poisoned by a water moccasin]
  6393 | D:8      | HP: 3/70 [black bear (4)]
  6393 | D:8      | HP: 1/70 [black bear (2)]
  6707 | D:8      | Noticed a two-headed ogre
  6714 | D:8      | Killed a two-headed ogre
  6715 | D:8      | Reached XP level 10. HP: 7/77 MP: 10/10
  7122 | D:8      | Identified the +2 pair of boots of Tomorrow {Dex+2}
  7480 | D:8      | Noticed Grum
  7491 | D:8      | Killed Grum
  8073 | D:9      | Reached **** piety under Zin
  8133 | D:9      | Found a staircase to the Orcish Mines.
  8368 | D:9      | Found a hazy altar of Hepliaklqana.
  8494 | D:9      | Reached ***** piety under Zin
  8499 | D:9      | Found a glowing golden altar of the Shining One.
  8610 | D:9      | Reached skill level 10 in Armour
  8696 | D:9      | Found a sacrificial altar of Ru.
  8841 | D:9      | Found a sparkling altar of Nemelex Xobeh.
  9080 | D:10     | Entered Level 10 of the Dungeon
  9091 | D:10     | Reached skill level 5 in Shields
  9098 | D:10     | Noticed a two-headed ogre
  9109 | D:10     | Killed a two-headed ogre
  9110 | D:10     | Reached XP level 11. HP: 33/82 MP: 11/11
  9134 | D:10     | Found a hide-covered altar of Uskayaw.
  9401 | D:10     | Found a snail-covered altar of Cheibriados.
  9550 | D:10     | Found Toung's Distillery.
  9659 | D:10     | Noticed a white ugly thing
  9683 | D:10     | Killed a white ugly thing
 10622 | D:11     | Reached skill level 10 in Shields
 10733 | D:11     | Noticed a cyclops
 10747 | D:11     | Killed a cyclops
 11527 | D:12     | Noticed Erolcha
 11548 | D:12     | Killed Erolcha
 11957 | D:12     | Reached ****** piety under Zin
 12328 | Lair:1   | Entered Level 1 of the Lair of Beasts
 12517 | Lair:1   | Reached XP level 12. HP: 66/90 MP: 12/12
 14218 | D:2      | Bought a glowing plate armour for 676 gold pieces
 14489 | Lair:2   | HP: 4/90 [komodo dragon (15)]
 14883 | Lair:2   | Reached skill level 15 in Shields
 14883 | Lair:2   | Reached skill level 1 in Invocations
 14888 | Lair:2   | Reached skill level 2 in Invocations
 14994 | Lair:2   | Reached skill level 3 in Invocations
 15033 | Lair:2   | Reached skill level 5 in Fighting
 15240 | Lair:2   | Reached XP level 13. HP: 86/102 MP: 15/15
 15679 | Lair:2   | Found a staircase to the Shoals.
 16294 | Lair:3   | Found a hole to the Spider Nest.
 16330 | Lair:3   | Reached skill level 10 in Fighting
 16448 | Lair:3   | Reached skill level 4 in Invocations
 16936 | Lair:4   | Reached skill level 5 in Invocations
 16982 | Lair:4   | Noticed Sonja
 16989 | Lair:4   | Killed Sonja
 16990 | Lair:4   | Reached skill level 6 in Invocations
 17001 | Lair:4   | Reached skill level 7 in Invocations
 17118 | Lair:4   | Reached skill level 8 in Invocations
 17155 | Lair:4   | Reached skill level 9 in Invocations
 17230 | Lair:4   | Reached skill level 10 in Invocations
 17511 | Lair:4   | Reached skill level 11 in Invocations
 18127 | Lair:5   | Found a gate leading to a gauntlet.
 18138 | Gauntlet | Entered a Gauntlet
 18138 | Gauntlet | Found a transporter.
 18148 | Gauntlet | Found a transporter.
 18163 | Gauntlet | Found a transporter.
 18171 | Gauntlet | Found a transporter.
 18191 | Gauntlet | Found a transporter.
 18209 | Gauntlet | Found a transporter.
 18221 | Gauntlet | Found a transporter.
 18233 | Gauntlet | Found a transporter.
 18245 | Gauntlet | Found a transporter.
 18257 | Gauntlet | Found a transporter.
 18275 | Gauntlet | Found a transporter.
 18296 | Gauntlet | Found a transporter.
 18298 | Gauntlet | Found a transporter.
 18365 | Gauntlet | Found a transporter.
 18367 | Gauntlet | Found a transporter.
 18369 | Gauntlet | Found a transporter.
 18409 | Gauntlet | Found a transporter.
 18411 | Gauntlet | Found a transporter.
 18662 | Gauntlet | Reached XP level 14. HP: 121/121 MP: 22/22
 18737 | Gauntlet | Reached skill level 12 in Invocations
 18945 | Gauntlet | Reached skill level 13 in Invocations
 18991 | Lair:5   | Acquired 662 gold pieces
 19298 | D:2      | Bought the ring "Vicodibe" {+Blink rElec rF+ Str+3 Int+3}
                  | for 820 gold pieces
 20243 | Lair:6   | Entered Level 6 of the Lair of Beasts
 20268 | Lair:6   | Reached skill level 14 in Invocations
 20312 | Lair:6   | Reached skill level 15 in Invocations
 20673 | Lair:6   | Found a runed translucent gate.
 20673 | Lair:6   | Found a runed translucent gate.
 20673 | Lair:6   | Found a runed translucent gate.
 20674 | Lair:6   | Noticed Drazool's ghost (journeyman MfMo)
 21101 | Lair:6   | Reached skill level 16 in Invocations
 21216 | Lair:6   | Identified the ring of Giapsokh {Fly Dex+6 SInv Stlth+}
 21525 | Lair:6   | Reached skill level 17 in Invocations
 21527 | Lair:6   | Reached XP level 15. HP: 112/126 MP: 27/27
 21857 | Lair:6   | Found a viscous altar of Jiyva.
 21857 | Lair:6   | Found a staircase to the Slime Pits.
 22182 | Lair:6   | Killed Drazool's ghost
 22417 | Orc:1    | Entered Level 1 of the Orcish Mines
 22417 | Orc:1    | Found Seesootus's Armour Shoppe.
 22429 | Orc:1    | Bought the +1 pair of gloves of Lifelessness {Str+4} for
                  | 298 gold pieces
 22518 | Orc:1    | Found Zaig's Weapon Boutique.
 22577 | Orc:1    | Found Rumuriaz's Antique Weapon Shoppe.
 22728 | Orc:1    | Noticed Erica
 22740 | Orc:1    | Killed Erica
 22916 | Orc:1    | Upgraded the game from 0.27-a0-1256-gced786f65e to
                  | 0.27-a0-1273-gec92ba881d
 22939 | Orc:2    | Entered Level 2 of the Orcish Mines
 22947 | Orc:2    | Reached skill level 18 in Invocations
 23253 | Orc:2    | Found a roughly hewn altar of Beogh.
 23316 | Orc:2    | Found a transporter.
 23320 | Orc:2    | Noticed UncommonGray's ghost (journeyman TrBr)
 23322 | Orc:2    | Noticed an orc warlord
 23363 | Orc:2    | Noticed an orc warlord
 23386 | Orc:2    | Killed an orc warlord
 23850 | Orc:2    | Found a roughly hewn altar of Beogh.
 23873 | Orc:2    | Found Xaghocoq's General Store.
 24136 | Orc:2    | Found Xyutro's Antique Armour Boutique.
 24462 | Orc:2    | Found a staircase to the Elven Halls.
 24518 | Orc:2    | Reached skill level 19 in Invocations
 24646 | Orc:2    | Found a transporter.
 24881 | Orc:2    | Found Biytt's Book Boutique.
 24897 | Orc:2    | Found Dafeuh's Antique Weapon Boutique.
 24961 | Orc:2    | Bought a runed scarf for 200 gold pieces
 25387 | D:13     | Found a shimmering altar of Xom.
 25570 | D:13     | Found a shimmering altar of Xom.
 25732 | D:13     | Found Woaziep's Blood Bar.
 25994 | D:13     | Reached skill level 20 in Invocations
 26071 | D:13     | Found a gate to the Vaults.
 26744 | D:15     | Entered Level 15 of the Dungeon
 27100 | D:15     | Found a sparkling altar of Nemelex Xobeh.
 27100 | D:15     | Noticed Jessica
 27103 | D:15     | Killed Jessica
 27398 | D:15     | Reached XP level 16. HP: 125/134 MP: 30/30
 27438 | D:15     | Found a staircase to the Depths.
 27444 | D:15     | Reached skill level 21 in Invocations
 28027 | Shoals:1 | Entered Level 1 of the Shoals
 28141 | Slime:1  | Entered Level 1 of the Pits of Slime
 28141 | Slime:1  | Noticed an acid blob
 28227 | Spider:1 | Entered Level 1 of the Spider Nest
 28680 | Spider:1 | Noticed Rupert
 28693 | Spider:1 | Killed Rupert
 28702 | Spider:1 | Reached skill level 22 in Invocations
 29518 | Spider:2 | Noticed Donald
 29527 | Spider:2 | Killed Donald
 30066 | Spider:2 | Reached skill level 23 in Invocations
 30878 | Spider:2 | Noticed Agnes
 30901 | Spider:2 | Killed Agnes
 31703 | Spider:3 | Noticed Roxanne
 32263 | Spider:3 | Reached XP level 17. HP: 70/140 MP: 32/32
 32497 | Spider:3 | Acquired the +0 broad axe "Fott" {vorpal, rPois Dex+2}
 32501 | Spider:3 | Acquired 1197 gold pieces
 32562 | Spider:3 | Upgraded the game from 0.27-a0-1273-gec92ba881d to
                  | 0.27-a0-1278-g6cbc8dfb29
 33181 | Spider:3 | Zin protects you from harm!
 33185 | Spider:3 | Zin protects you from harm!
 34116 | Spider:3 | Killed Roxanne
 34219 | Spider:3 | Identified the +2 cloak of the Turtledove {Int+7}
 34602 | Spider:4 | Entered Level 4 of the Spider Nest
 34620 | Spider:4 | Noticed Louise
 34835 | Spider:4 | Killed Louise
 35467 | Spider:4 | Noticed Arachne
 35788 | Spider:3 | HP: 7/148 [poisoned by Arachne]
 36235 | Spider:4 | Killed Arachne
 37200 | Spider:4 | Reached XP level 18. HP: 104/162 MP: 1/33
 37206 | Spider:4 | Reached skill level 15 in Fighting
 37920 | Spider:4 | Identified the Volume of Frigorific Moulding
 38275 | Spider:4 | Got a gossamer rune of Zot
 40042 | Shoals:1 | Found Vite's Weapon Shop.
 40237 | Shoals:1 | Reached skill level 24 in Invocations
 41420 | Shoals:2 | Identified the +0 robe of Wasted Space {+Inv}
 42662 | Shoals:3 | Identified the +0 scale mail of Altruism {Str+4 Slay+6}
 43117 | Shoals:3 | Identified the +0 robe of Vianipp {Harm}
 43148 | Shoals:3 | Noticed Ilsuiw
 43157 | Shoals:3 | Reached skill level 25 in Invocations
 43194 | Shoals:3 | Killed Ilsuiw
 43195 | Shoals:3 | Reached XP level 19. HP: 135/174 MP: 35/35
 43393 | Shoals:3 | Hit by a javelin thrown by a merfolk javelineer

Illustrated notes

Levels and vault maps discovered:
D:1:      saegor_arrival_simple_e, layout_rooms
D:2:      layout_basic, serial_shops, shop, shop, shop_fountains, shop,
          shop_fountains, uniq_sigmund
D:3:      layout_loops_corners, lemuel_round_altar,
          nicolae_dithmenos_the_darkroom,
          hellmonk_ecumenical_altar_prayer_group, roderic_st_hans_cross,
          minmay_misc_feat_more_columns
D:4:      layout_basic, serial_curves, eino_curves_01, eino_curves_03
D:5:      layout_cave_pools, gammafunk_temple_overflow_wave,
          minmay_temple_entry_poolview, lightli_minifort, uniq_eustachio,
          uniq_duvessa
D:6:      layout_rooms, palyth_stone_intersect, st_stairs_13,
          minmay_misc_feat_pillars
D:7:      layout_rooms, pdpol_temple_overflow_zin_treasury_gozag_greed,
          serial_corexii_hall, corexii_hall_statues_l, corexii_hall_statues_x,
          minmay_misc_feat_hallway, serial_bayou_pond_c,
          minmay_stone_trees_small, st_stairs_14
D:8:      layout_basic, due_lair_maze_entry_diamond, serial_shops, shop,
          gammafunk_ghost_smash, minmay_holes, uniq_grum
D:9:      layout_loops_ring, nicolae_ru_awakened_eye,
          nzn_hepliaklqana_mist_gate, lemuel_coloured_pillars_altar,
          kennysheep_mini_moat, david_orc_4, minmay_orc_keep
D:10:     layout_roguey [special_room_orc], general_overflow_altar,
          enter_bailey_5, serial_shops, shop, minmay_ruined_shrine
D:11:     layout_loops_corners
D:12:     layout_basic, corexii_hall_statues_t, uniq_erolcha
D:13:     layout_basic, ximxim_vaults_locker_room, hangedman_feature_mirror,
          guppyfry_shop_blood
D:14:     layout_basic, minmay_misc_feat_diagonals
D:15:     gammafunk_enter_depths_forms, layout_irregular_city,
          nemelex_lonely_heart_becter, glass_columns_a
Temple:   minmay_temple_curvy_loop
Lair:1:   layout_hall_layers, wad_woods_river_01
Lair:2:   layout_chaotic_city, elwin_shoals_entry_rooms, roderic_carrion_pond
Lair:3:   layout_long_grid, spider_nest_entry_a
Lair:4:   layout_regular_city, serial_bayou_shore_b, uniq_sonja
Lair:5:   layout_regular_city, gauntlet_entry_generic, serial_bayou_pond_c,
          grunt_megastairs_2
Lair:6:   minmay_lair_end_frog_pond, layout_misc_corridors,
          dpeg_slime_entry_enclosed_altar, ebering_ghost_rock_garden,
          portal_ice_cave_entry_pillars_2, kennysheep_basilisk_garden
Shoals:1: layout_shoals, serial_shops, shop, nicolae_shoals_sun_and_surf
Shoals:2: layout_shoals, nicolae_shoals_seven_spires
Shoals:3: layout_shoals, serial_shops, nicolae_shop_crystal, uniq_ilsuiw
Spider:1: layout_spider_delve, uniq_rupert
Spider:2: layout_spider_delve, uniq_agnes, uniq_donald
Spider:3: cheibrodos_spider_silkery, nicolae_spider_paper_wasps, uniq_roxanne
Spider:4: grunt_spider_rune_parallel, nicolae_spider_undead_wolf_pack,
          uniq_arachne, uniq_louise
Slime:1:  layout_caves
Orc:1:    layout_caves, serial_shops, shop, nicolae_shop_crystal, shop,
          uniq_erica
Orc:2:    grunt_orc_cross, layout_diamond_mine, basic_altar,
          gammafunk_ghost_arena

Skill      XL: |  1  2  3  4  5  6  7  8  9 10 11 12 13 14 15 16 17 18 |
---------------+-------------------------------------------------------+-----
Axes           | 3 4 7 8 9 11 14 16 18 | 18.0
Armour         | 6 10 | 10.0
Shields        | 7 12 15 | 15.0
Invocations    | 3 11 17 20 23 25 | 25.2
Fighting       | 6 10 14 16 | 16.7

Action                   |  1- 3 |  4- 6 |  7- 9 | 10-12 | 13-15 | 16-18 | 19-21 || total
-------------------------+-------+-------+-------+-------+-------+-------+-------++-------
Melee: War axe           |    60 |   135 |   184 |   556 |  1087 |   465 |       ||  2487
       Broad axe         |       |       |       |       |       |  1004 |    11 ||  1015
Throw: Dart              |       |       |     3 |       |       |     3 |       ||     6
       Throwing net      |       |       |     1 |       |       |     1 |       ||     2
Invok: Recite            |       |       |       |     2 |     5 |     7 |       ||    14
       Vitalisation      |       |       |       |       |       |     1 |       ||     1
Evoke: Wand              |       |       |       |       |       |     1 |       ||     1
  Use: Scroll            |     2 |     3 |    12 |    12 |    10 |    14 |     2 ||    55
       Potion            |     1 |     1 |     9 |     2 |     2 |     7 |     1 ||    23
 Stab: Invisible         |       |       |     2 |     2 |       |       |       ||     4
       Confused          |       |       |       |     1 |     3 |    16 |       ||    20
       Paralysed         |       |       |       |       |     6 |     9 |       ||    15
Armor: Scale mail        |    25 |    45 |    66 |   104 |       |       |       ||   240
       Plate armour      |       |       |       |    27 |   286 |   758 |     4 ||  1075
Dodge: Dodged            |    11 |    40 |    50 |    78 |   143 |   301 |     5 ||   628
       Repelled          |       |       |       |       |     1 |       |       ||     1
Block: Kite shield       |    32 |    68 |   140 |   387 |   833 |  1729 |    18 ||  3207
       Reflection        |       |       |     1 |     7 |    24 |    46 |     5 ||    83

Table legend: (Time is in decaauts)
 A = Elapsed time spent in this place.
 B = Non-inter-level travel time spent in this place.
 C = Inter-level travel time spent in this place.
 D = Time resting spent in this place.
 E = Time spent auto-exploring this place.
 F = Levels seen in this place.
 G = Mean time per level.
                   A        B        C        D        E       F      G
               +--------+--------+--------+--------+--------+-----+--------+
         Total |  42718 |  38899 |   3819 |   7105 |  25340 |  33 | 1294.5 |
       Dungeon |  16010 |  13995 |   2015 |    785 |  11391 |  15 | 1067.3 |
        Temple |    215 |    191 |     24 |      0 |    191 |   1 |  215.0 |
          Lair |   9256 |   8148 |   1108 |   1466 |   5381 |   6 | 1542.7 |
        Shoals |   3758 |   3689 |     69 |    814 |   2362 |   3 | 1252.7 |
   Spider Nest |   9959 |   9576 |    383 |   3594 |   4369 |   4 | 2489.8 |
    Slime Pits |      1 |      1 |      0 |      0 |      0 |   1 |    1.0 |
  Orcish Mines |   2677 |   2459 |    218 |    364 |   1597 |   2 | 1338.5 |
      Gauntlet |    839 |    839 |      0 |     82 |     48 |   1 |  839.0 |
               +--------+--------+--------+--------+--------+-----+--------+

Top non-repeatable levels by time:
Spider:3: 4462 daAuts
Spider:4: 2389 daAuts
  Lair:1: 2233 daAuts
   Orc:2: 2060 daAuts
     D:8: 2040 daAuts
Shoals:1: 1986 daAuts
Spider:2: 1950 daAuts
  Lair:2: 1935 daAuts
    D:10: 1511 daAuts
  Lair:6: 1421 daAuts
  Lair:5: 1362 daAuts
     D:9: 1343 daAuts
  Lair:4: 1199 daAuts
Spider:1: 1156 daAuts
  Lair:3: 1104 daAuts
